 Dungeon Crawl Stone Soup version 0.20.1-1-g8b1a95d (webtiles) character file.

289 McKennaii the Insei (level 6, 0/38 HPs)
             Began as an Octopode Transmuter on Aug 10, 2017.
             Slain by Blork the orc
             ... wielding a +2 dire flail of holy wrath
              (1 damage)
             ... on level 4 of the Dungeon.
             The game lasted 00:03:35 (2929 turns).

McKennaii the Insei (Octopode Transmuter)           Turns: 2929, Time: 00:03:36

Health: 0/38       AC:  1    Str:  9    XL:     6   Next: 31%
Magic:  7/9        EV: 13    Int: 18    God:
Gold:   55         SH:  0    Dex: 12    Spells: 4/10 levels left

rFire    . . .     SeeInvis .     - Unarmed
rCold    . . .     Gourm    .   (no shield)
rNeg     . . .     Faith    .   (helmet restricted)
rPois    .         Spirit   .   (no amulet)
rElec    .         Reflect  .   k - ring of resist corrosion
rCorr    +         Harm     .   (no ring)
MR       .....                  (no ring)
Stlth    +++.......             (no ring)
Regen    0.2/turn               (no ring)
MPRegen  0.2/turn               (no ring)
                                (no ring)
                                (no ring)

@: flying
A: almost no armour, stealthy swim, amphibious, 8 rings, constrict 8, camouflage
1, gelatinous body 1
a: no special abilities


You were on level 4 of the Dungeon.
You were not hungry.

You visited 1 branch of the dungeon, and saw 4 of its levels.

You collected 55 gold pieces.

Inventory:

Missiles
 a - 6 arrows
Jewellery
 k - a ring of resist corrosion (left tentacle)
Scrolls
 d - a scroll of teleportation {unknown}
 i - a scroll of remove curse {unknown}
 m - a scroll of enchant armour {unknown}
 n - a scroll of recharging {unknown}
 o - a scroll of immolation {unknown}
Potions
 f - a potion of heal wounds {unknown}
 j - a potion of agility {unknown}
 l - a potion of lignification {unknown}
Books
 b - a book of Changes

   Spells                             Type                      Level
   a - Beastly Appendage              Transmutation                1
   b - Sticks to Snakes               Transmutation                2
   c - Spider Form                    Transmutation/Poison         3
   d - Ice Form                       Ice/Transmutation            4
   e - Blade Hands                    Transmutation                5
Comestibles
 c - 2 bread rations
 g - a meat ration
 h - 2 fruits
 p - a royal jelly
 q - a chunk of flesh


   Skills:
 + Level 1.1 Fighting
 + Level 2.5 Dodging
 * Level 3.7 Stealth
 * Level 5.3 Unarmed Combat
 + Level 2.5 Spellcasting
 * Level 2.6 Transmutations
 + Level 0.2 Poison Magic


You had 4 spell levels left.
You knew the following spells:

 Your Spells              Type           Power        Failure   Level  Hunger
a - Beastly Appendage     Tmut           ##....       6%          1    #......
b - Sticks to Snakes      Tmut           ##......     9%          2    ##.....
c - Spider Form           Tmut/Pois      #.........   28%         3    ###....


Dungeon Overview and Level Annotations

Branches:
Dungeon (4/15)
 Temple: D:4-7

Altars:
Fedhas
Qazlal
Trog
The Shining One

Annotations:
D:3 1 runed door, Kriby's ghost, amateur HOFi
D:4 Blork the orc


Innate Abilities, Weirdness & Mutations

You cannot wear most types of armour.
You are very stealthy in the water. (Stealth+)
You are amphibious.
You can wear up to eight rings at the same time.
You can use your tentacles to constrict eight enemies at once.
Your skin changes colour to match your surroundings (Stealth+).
Your rubbery body absorbs attacks. (AC +1, EV +1)


Message History

Blork the orc looks encouraged for a moment.
Your adder bites Blork the orc.
You tentacle-slap Blork the orc but do no damage.
Blork the orc is moderately wounded.
You constrict Blork the orc, but do no damage.
Your adder bites Blork the orc but does no damage.
Blork the orc hits you but does no damage.
You tentacle-slap Blork the orc.
Blork the orc is moderately wounded.
You constrict Blork the orc, but do no damage.
Your adder bites Blork the orc.
Blork the orc is poisoned.
Your adder poisons Blork the orc!
Blork the orc hits you with a dire flail of holy wrath!
* * * LOW HITPOINT WARNING * * *
It was a potion of flight.
You feel very buoyant.
You fly up into the air.
You constrict Blork the orc.
Your adder bites Blork the orc but does no damage.
Blork the orc hits you with a dire flail of holy wrath.
You die...

#...##...##.#.#.............#
...........................#
............#..............
........##..###.###..###..#
..###...##..###.# #..# ..# .
#...##...+... ....
..........#.... ....
#.....##...# ..## ##....
#.@S# #.. #.o.# .. +....# .
######


You could see Blork the orc and a friendly adder.

Vanquished Creatures
  A bullfrog (D:3)
  A scorpion (D:4)
  A bullfrog skeleton (D:3)
  A worker ant (D:4)
  A hound skeleton (D:4)
  4 adders
  A worm (D:3)
  2 dart slugs
  A leopard gecko (D:2)
  2 orcs
  A ball python (D:1)
  4 giant cockroaches
  8 goblins
  7 hobgoblins
  2 jackals (D:2)
  8 kobolds
  A quokka (D:3)
  4 bats
  A frilled lizard (D:1)
  7 rats
58 creatures vanquished.

Notes
Turn   | Place    | Note
-------+----------+-------------------------------------------
     0 | D:1      | McKennaii the Octopode Transmuter began the quest for the Orb.
     0 | D:1      | Reached XP level 1. HP: 13/13 MP: 3/3
   241 | D:1      | Reached XP level 2. HP: 14/18 MP: 5/5
   245 | D:1      | Learned a level 2 spell: Sticks to Snakes
   622 | D:1      | Reached XP level 3. HP: 22/23 MP: 6/6
   644 | D:2      | Learned a level 3 spell: Spider Form
   650 | D:2      | Reached skill level 1 in Stealth
   715 | D:2      | Reached skill level 4 in Unarmed Combat
   939 | D:2      | Found a blossoming altar of Fedhas.
   992 | D:2      | Found a glowing golden altar of the Shining One.
   993 | D:2      | Found a stormy altar of Qazlal.
  1321 | D:2      | Reached XP level 4. HP: 25/28 MP: 7/7
  1889 | D:3      | Noticed a bullfrog
  1904 | D:3      | Killed a bullfrog
  1904 | D:3      | Reached XP level 5. HP: 19/33 MP: 4/8
  2062 | D:3      | Found a runed door.
  2116 | D:3      | Reached skill level 5 in Unarmed Combat
  2379 | D:3      | Noticed Kriby's ghost (amateur HOFi)
  2584 | D:4      | Reached XP level 6. HP: 12/38 MP: 9/9
  2906 | D:4      | Found a bloodstained altar of Trog.
  2917 | D:4      | Noticed Blork the orc
  2928 | D:4      | HP: 1/38 [Blork the orc/dire flail of holy wrath (16)]
  2929 | D:4      | Slain by Blork the orc

Skill      XL: |  1  2  3  4  5 |
---------------+----------------+-----
Stealth        | 1 3 |  3.7
Unarmed Combat | 4 5 |  5.3
Fighting       | |  1.1
Dodging        | |  2.5
Spellcasting   | |  2.5
Transmutations | |  2.6
Poison Magic   | |  0.2

Action                   |  1- 3 |  4- 6 || total
-------------------------+-------+-------++-------
Melee: Unarmed           |    80 |    74 ||   154
       Constrict         |    28 |    17 ||    45
       Tentacles         |    14 |    15 ||    29
       Punch             |     3 |     5 ||     8
       Kick              |     2 |       ||     2
 Cast: Sticks to Snakes  |     2 |     4 ||     6
       Beastly Appendage |     1 |       ||     1
       Spider Form       |       |     1 ||     1
  Use: Potion            |       |     1 ||     1
 Stab: Sleeping          |     8 |     6 ||    14
  Eat: Chunk             |     1 |     6 ||     7
Armor: Skin              |     4 |     2 ||     6
Dodge: Dodged            |    50 |    32 ||    82
